Unix NetHack Version 3.7.0-95 Work-in-progress - last build Jan 1 2024 20:51:50 (6a0ccc5fa2390e420dd2d488a2f9488d2ae3a63b,branch:master). Game began 2024-01-03 14:38:42, ended 2024-01-08 12:44:19. mmj, chaotic female elven Wizard ----------- |.........| |.........-# -------- ---------- |........f|# |......-# |........| |..(.....d|/## |......|# |........| ---------)- # |......|# ##|........| ------ @ # ---|----# # #.........| |...... #h # ### # ###|........| | # ## ######## -------.-- # # [###)# #) # # #### # # # --------.-- ################ # ## ## |[......... #----- ## # ###### |)........| ....| --------------.- # ----|- ))........| #|...| |..............| ##-....| |....)....| #.....####...............| |.{..| |..[%(.....######)|...| |..........>...| |....| ----------- |...| ...............| ------ ----- ---------------- Mmj the Conjurer St:9 Dx:18 Co:13 In:20 Wi:8 Ch:9 Chaotic Dlvl:5 $:220 HP:0(31) Pw:22(53) AC:9 Xp:5/257 T:2481 Burdened Latest messages: You are carrying too much to get through. You are carrying too much to get through. You are carrying too much to get through. You find a hidden passage. You hear some noises. You hear someone counting gold coins. You feel tough! You must have been leading a healthy life-style. In what direction? y The spell hits the bugbear! The bugbear gets angry! The kitten misses the bugbear. The kitten bites the bugbear. The kitten eats a bugbear corpse. You hear some noises. You hear some noises in the distance. Really save? [yn] (n) y Saving... Restoring save file... Hello mmj, the elven Wizard, welcome back to NetHack! Your movements are slowed slightly because of your load. You have a little trouble lifting q - a scroll labeled HAPAX LEGOMENON. P - a spellbook of healing. Q - a pine wand. What do you want to write with? [- ac-empvwyAKLOQ or ?*] - You write in the dust with your fingertip. What do you want to write in the dust here? Elbereth What do you want to write with? [- ac-empvwyAKLOQ or ?*] ? The wand is too worn out to engrave. What do you want to write with? [- ac-empvwyAKLOQ or ?*] ? A lit field surrounds you! Do you want to add to the current engraving? [ynq] (y) y You add to the writing in the dust with a wand of light. What do you want to add to the writing in the dust here? Elbereth What do you want to write with? [- ac-empvwyAKLOQ or ?*] ? The engraving now reads: "Wishing ?o m?ch m?y brirg yo? ?oo little". What do you want to zap? [cwKLOQ or ?*] Never mind. What do you want to drop? [$a-zA-Q or ?*] ? You drop a spellbook of healing. The dwarf queen throws a dagger! You are hit by a dagger. Pick an object. h a humanoid (dwarf queen) [seen: normal vision, infravision] In what direction? j The spell misses the dwarf queen. The dwarf queen swings her mace. The dwarf queen hits! The dwarf queen swings her mace. The dwarf queen hits again! In what direction? j The spell misses the dwarf queen. The dwarf queen swings her mace. The dwarf queen hits! You die... Do you want your possessions identified? [ynq] (y) q Inventory: Coins $ - 220 gold pieces Weapons p - a +0 orcish dagger (alternate weapon; not wielded) a - a blessed +1 quarterstaff (weapon in hands) Armor C - a cursed +2 pair of leather gloves D - a cursed -1 pair of fumble boots F - a cursed +0 pair of water walking boots b - an uncursed +0 cloak of magic resistance (being worn) Comestibles J - 3 uncursed food rations I - 2 cursed food rations z - 2 uncursed oranges E - an uncursed tripe ration Scrolls x - an uncursed scroll of amnesia j - 2 uncursed scrolls of charging i - an uncursed scroll of create monster N - 2 cursed scrolls of create monster q - a cursed scroll of genocide o - a blessed scroll of identify u - an uncursed scroll of light M - 2 cursed scrolls of teleportation Spellbooks l - an uncursed spellbook of chain lightning k - a blessed spellbook of force bolt r - an uncursed spellbook of magic missile Potions s - an uncursed potion of gain level H - 3 cursed potions of healing t - 2 uncursed potions of object detection G - an uncursed potion of paralysis g - an uncursed potion of sickness h - an uncursed potion of sleeping B - an uncursed potion of water Rings d - an uncursed ring of fire resistance v - a cursed -2 ring of increase accuracy e - an uncursed ring of stealth Wands c - a wand of cold (0:7) w - a wand of digging (0:6) Q - a cursed wand of light (0:9) L - a cursed wand of polymorph (0:2) O - a cursed wand of striking (0:0) K - a cursed wand of teleportation (0:1) Tools n - an uncursed leather drum m - a magic marker (0:22) A - a cursed magic marker (0:19) f - an uncursed oil lamp Gems/Stones y - an uncursed jet stone Mmj the Wizard's attributes: Background: You were a Conjurer, a level 5 female elven Wizard. You were chaotic, nominally on a mission for Anhur who was opposed by Ptah (lawful) and Thoth (neutral). You were right-handed. You were in the Dungeons of Doom, on level 5. You entered the dungeon 2481 turns ago. You had 257 experience points, 63 more were needed to attain level 6. Basics: You had 0 out of 31 hit points. You had 22 out of 53 energy points (spell power). Your armor class was 9. Your wallet contained 220 zorkmids. Autopickup was on for '$' plus thrown. Final Characteristics: Your strength was 9 (limit:18). Your dexterity was 18 (limit:18). Your constitution was 13 (limit:16). Your intelligence was 20 (limit:20). Your wisdom was 8 (limit:20). Your charisma was 9 (limit:18). Final Status: You weren't hungry. You were burdened; movement was slightly slowed. You were wielding a quarterstaff. You had basic skill with quarterstaff. Final Attributes: You were piously aligned. You were magic-protected. You were sleep resistant. You were telepathic. You had infravision. You were warded. You are dead. Miscellaneous: You encountered 1 bones level. Total elapsed playing time was 19 minutes and 6 seconds. Major events: Turn 1: mmj the chaotic female elven Wizard entered the dungeon 916: attained the rank of Conjurer (level 3) 2086: entered the Gnomish Mines 2161: destroyed lurchy's ghost, the former Conjurer 2481: killed by a dwarf queen Vanquished creatures: a ghost an orc-captain 2 bugbears a shrieker a giant ant 3 floating eyes a kobold leader a giant bat 3 iguanas 2 gas spores a hobbit a large kobold 2 hobgoblins a giant rat a cave spider 2 gnomes 2 gnome zombies 3 geckos 2 jackals 2 kobolds a goblin 2 sewer rats 2 grid bugs 5 lichens 4 newts 47 creatures vanquished. No species were genocided or became extinct. Voluntary challenges: You were an atheist. You read items or engraved 5 times. You engraved Elbereth 3 times. You never genocided any monsters. You never polymorphed an object. You never changed form. You used no wishes. Achievements: You attained the rank of Conjurer. You entered a shop. You entered the Gnomish Mines. The Dungeons of Doom: levels 1 to 5 Level 1: A fountain. Level 2: Level 3: A fountain. Level 4: Some fountains. Stairs down to The Gnomish Mines. Level 5: <- You were here. A throne, a fountain, a grave. Final resting place for you, killed by a dwarf queen, misanthrope-Sam-Hum-Mal-Law, killed by a wand, lurchy-Wiz-Elf-Mal-Cha, killed by a gnome lady, SallyForth-Mon-Hum-Fem-Cha, killed by a dwarf queen. The Gnomish Mines: Level 5: Game over: ---------- / \ / REST \ / IN \ / PEACE \ / \ | mmj | | 220 Au | | killed by a | | dwarf queen | | | | | | 2024 | *| * * * | * _________)/\\_//(\/(/\)/\//\/|_)_______ Goodbye mmj the Wizard... You died in The Dungeons of Doom on dungeon level 5 with 1446 points, and 220 pieces of gold, after 2481 moves. You were level 5 with a maximum of 31 hit points when you died.